 Dungeon Crawl Stone Soup version 0.28-a0-1033-g1a2f33fa85 (webtiles) character file.

Game seed: 4735077714108015572

39 pokeman the Magician (level 3, -16/20 HPs)
             Began as a Deep Elf Hedge Wizard on Dec 6, 2021.
             Demolished by an ogre (28 damage)
             ... on level 2 of the Dungeon on Dec 7, 2021.
             The game lasted 00:03:25 (1899 turns).

pokeman the Magician (Deep Elf Hedge Wizard)        Turns: 1899, Time: 00:03:26

Health: -16/20     AC:  2    Str:  7    XL:     3   Next: 28%
Magic:  2/11       EV: 12    Int: 20    God:
Gold:   50         SH:  0    Dex: 14    Spells: 1/12 levels left

rFire   . . .      SeeInvis .   l - +0 mace
rCold   . . .      Faith    .   (no shield)
rNeg    . . .      Spirit   .   b - +0 robe
rPois   .          Reflect  .   c - +0 hat
rElec   .          Harm     .   (no cloak)
rCorr   .          Rampage  .   (no gloves)
Will    .....                   (no boots)
Stlth   ++........              (no amulet)
HPRegen 0.06/turn               (no ring)
MPRegen 0.12/turn               (no ring)

@: very slightly contaminated
A: no striking features
a: no special abilities


You were on level 2 of the Dungeon.
You visited 1 branch of the dungeon, and saw 2 of its levels.

You collected 50 gold pieces.

Inventory:

Hand Weapons
 l - a +0 mace (weapon)
Missiles
 a - 19 bolts
Armour
 b - a +0 robe (worn)
 c - a +0 hat (worn)
Scrolls
 d - a scroll of noise {unknown}
 f - a scroll of fog {unknown}
 h - a scroll of identify {unknown}
 i - a scroll of enchant armour {unknown}
 j - a scroll of summoning {unknown}
 k - a scroll of holy word {unknown}
Potions
 e - a potion of lignification {unknown}
 g - a potion of degeneration {unknown}


   Skills:
 + Level 0.9 Fighting
 + Level 0.8 Armour
 - Level 2.4 Dodging
 - Level 2.4 Stealth
 * Level 5.1 Spellcasting
 + Level 1.9 Conjurations
 - Level 1.1 Summonings
 - Level 1.1 Translocations


You had one spell level left.
You knew the following spells:

 Your Spells              Type           Power      Damage    Failure   Level
a - Magic Dart            Conj           48%        1d5       5%          1
b - Mephitic Cloud        Conj/Pois/Air  7%         N/A       26%         3
c - Call Imp              Summ           9%         N/A       11%         2
d - Blink                 Tloc           18%        N/A       11%         2
e - Conjure Flame         Conj/Fire      9%         6-21      22%         3

Your spell library contained the following spells:

 Spells                   Type           Power      Damage    Failure   Level
 Slow                     Hex            20%        N/A       12%         1


Dungeon Overview and Level Annotations

Branches:
Dungeon (2/15)

Altars:

Shops:
D:2 *


Message History

The ogre is lightly wounded.
The ogre shouts!
Casting: Magic Dart (safe; 5% risk of failure)
Confirm with . or Enter, or press ? or * to list all spells.
The spell is extremely dangerous to miscast (22% risk of failure)!
Continue anyway?
The fire begins to smoulder!
The fire ignites!
Things that are here:
a +0 dagger; a goblin corpse
Casting: Conjure Flame (extremely dangerous; 22% risk of failure)
Confirm with . or Enter, or press ? or * to list all spells.
The spell is extremely dangerous to miscast (26% risk of failure)!
Continue anyway?
Aiming: Mephitic Cloud (extremely dangerous; 26% risk of failure)
Press: ? - help, Shift-Dir - straight line, f/p - ogre
Aim: an ogre, wielding a +0 giant club (chance to affect: 77%)
You miscast Mephitic Cloud.
You are very lightly contaminated with residual magic.
The air around you crackles with energy!
Unknown command.
Casting: Mephitic Cloud (extremely dangerous; 26% risk of failure)
Confirm with . or Enter, or press ? or * to list all spells.
The spell is extremely dangerous to miscast (26% risk of failure)!
Continue anyway?
Aiming: Mephitic Cloud (extremely dangerous; 26% risk of failure)
Press: ? - help, Shift-Dir - straight line, f/p - ogre
Aim: an ogre, wielding a +0 giant club (chance to affect: 77%)
The ball explodes into a vile cloud!
The stinking cloud engulfs the ogre but does no damage.
The ogre is engulfed in noxious fumes.
The ogre appears confused.
Unknown command.
Unknown command.
The ogre mumbles something.
The ogre is engulfed in noxious fumes.
You hit the ogre.
The ogre is lightly wounded.
The ogre barely misses you.
There is a stone staircase leading up here.
The ogre seems less confused.
The ogre hits you with a +0 giant club!!
Ouch! That really hurt!
You die...

####### #...... #########
#...... #.......# #......
#.......##############......
#.......##..........<#......
#.......##.@...##...........
#.........O###+##....#...###
#........#........#........#
#........#........#......#.#
#.......##.>......#..#.###.#
##'###########.............#
#). .......##.##### ....
............... ...)..
#.####..#.#####


You could see an ogre.

Vanquished Creatures
  2 dart slugs
  4 endoplasms (D:1)
  3 giant cockroaches (D:1)
  5 hobgoblins
  5 kobolds (D:1)
  A quokka (D:1)
  2 ball pythons (D:1)
  4 frilled lizards (D:1)
  5 goblins
  A rat (D:1)
32 creatures vanquished.

Vanquished Creatures (others)
  4 toadstools (D:1)
4 creatures vanquished.

Grand Total: 36 creatures vanquished

Notes
Turn   | Place    | Note
-------+----------+-------------------------------------------
     0 | D:1      | pokeman the Deep Elf Hedge Wizard began the quest for the
                  | Orb.
     0 | D:1      | Reached XP level 1. HP: 10/10 MP: 7/7
   437 | D:1      | Reached XP level 2. HP: 16/16 MP: 2/9
   813 | D:1      | Upgraded the game from 0.28-a0-1002-gf00fe891ef to
                  | 0.28-a0-1033-g1a2f33fa85
   936 | D:1      | Reached skill level 5 in Spellcasting
  1185 | D:1      | Reached XP level 3. HP: 20/20 MP: 7/11
  1189 | D:1      | Learned a level 3 spell: Mephitic Cloud
  1192 | D:1      | Learned a level 2 spell: Call Imp
  1195 | D:1      | Learned a level 2 spell: Blink
  1199 | D:1      | Learned a level 3 spell: Conjure Flame
  1535 | D:2      | Found Muenwopi's General Store.
  1546 | D:2      | Noticed an ogre
  1899 | D:2      | Demolished by an ogre

Illustrated notes

Levels and vault maps discovered:
D:1:      ldierk_walled_garden_2, layout_basic, serial_forest,
          infiniplex_forest_zigzag_1, infiniplex_forest_corner_1,
          infiniplex_forest_lined_4_way, infiniplex_forest_clump_diagonal,
          infiniplex_forest_clump_small, infiniplex_forest_lined_corner,
          infiniplex_forest_lined_3, infiniplex_forest_end_2
D:2:      layout_basic, serial_shops, nicolae_shop_trees

Skill      XL: |  1  2 |
---------------+-------+-----
Spellcasting   | 5 |  5.1
Fighting       | |  0.9
Armour         | |  0.8
Dodging        | |  2.4
Stealth        | |  2.4
Conjurations   | |  1.9
Summonings     | |  1.1
Translocations | |  1.1

Action                   || total
-------------------------++-------
Melee: Dagger            ||     2
       Mace              ||     1
 Cast: Magic Dart        ||    85
       Conjure Flame     ||     1
       Mephitic Cloud    ||     1
       Call Imp          ||     1
Armor: Robe              ||     2
Dodge: Dodged            ||     3

Table legend: (Time is in decaauts)
 A = Elapsed time spent in this place.
 B = Non-inter-level travel time spent in this place.
 C = Inter-level travel time spent in this place.
 D = Time resting spent in this place.
 E = Time spent auto-exploring this place.
 F = Levels seen in this place.
 G = Mean time per level.
                   A        B        C        D        E       F      G
               +--------+--------+--------+--------+--------+-----+--------+
         Total |   1905 |   1854 |     51 |    208 |   1413 |   2 |  952.5 |
       Dungeon |   1905 |   1854 |     51 |    208 |   1413 |   2 |  952.5 |
               +--------+--------+--------+--------+--------+-----+--------+

Top non-repeatable levels by time:
     D:1: 1677 daAuts
     D:2: 228 daAuts
